 Dungeon Crawl Stone Soup version 0.29.1-1-gd02db6906a (webtiles) character file.

Game seed: 9996526461369034360

784 hawla the Slasher (level 7, -2/60 (61) HPs)
             Began as a Minotaur Fighter on Oct 17, 2022.
             Slain by a hound (4 damage)
             ... on level 6 of the Dungeon.
             The game lasted 00:08:59 (4228 turns).

hawla the Slasher (Minotaur Fighter)                Turns: 4228, Time: 00:08:59

HP:   -2/60 (61)    AC: 10    Str: 21    XL:     7   Next: 55%
MP:   8/8           EV:  9    Int:  7    God:
Gold: 233           SH:  5    Dex:  9    Spells: 9/9 levels left

rFire   + . .      SeeInvis .   l - +5 demon blade (venom)
rCold   + + .      Faith    .   c - +1 buckler
rNeg    . . .      Spirit   .   b - +1 scale mail
rPois   +          Reflect  .   (helmet restricted)
rElec   +          Harm     .   t - +1 cloak {Will+}
rCorr   +          Rampage  .   (no gloves)
Will    +....                   (no boots)
Stlth   ..........              (no amulet)
HPRegen 0.20/turn               (no ring)
MPRegen 0.11/turn               (no ring)

@: brilliant, resistant, flying, lightly drained
A: horns 2, retaliatory headbutt, cold resistance 1
a: no special abilities


You were on level 6 of the Dungeon.
You visited 1 branch of the dungeon, and saw 5 of its levels.

You collected 233 gold pieces.

Inventory:

Hand Weapons
 l - a +5 demon blade of venom (weapon)
Missiles
 m - 6 poisoned darts (quivered)
Armour
 b - a +1 scale mail (worn)
 c - a +1 buckler (worn)
 n - the +1 leather armour of Trumpets {rCorr}
   (You found it on level 3 of the Dungeon)

   rCorr:     It protects you from acid and corrosion.
 t - a +1 cloak of willpower (worn)
Jewellery
 k - a ring of poison resistance
 r - a +4 ring of evasion
Scrolls
 e - a scroll of amnesia
Potions
 d - 5 potions of might
 h - 2 potions of degeneration
 o - a potion of mutation


   Skills:
 + Level 5.1 Fighting
 + Level 6.4 Long Blades
 + Level 5.2 Armour
 - Level 5.0 Shields
 * Level 1.7 Spellcasting
 * Level 2.3 Transmutations


You had 9 spell levels left.
You didn't know any spells.
Your spell library contained the following spells:

 Spells                   Type           Power      Damage    Failure   Level
 Wereblood                Tmut           5%         N/A       58%         2
 Poisonous Vapours        Pois/Air       0%         N/A       89%         2
 Sublimation of Blood     Necr           0%         N/A       89%         2
 Corpse Rot               Necr/Pois/Air  0%         N/A       100%        4
 Fulminant Prism          Conj/Hex       0%         3d6       100%        4
 Iskenderun's Mystic Bla  Conj/Tloc      0%         2d3       100%        4
 Summon Lightning Spire   Summ/Air       0%         N/A       100%        4
 Lee's Rapid Deconstruct  Erth           0%         3d5*      100%        5
 Conjure Ball Lightning   Conj/Air       0%         3x3d6     100%        6
 Storm Form               Tmut/Air       1%         N/A       100%        7
 Summon Hydra             Summ           0%         N/A       100%        7
 Discord                  Hex            0%         N/A       100%        8
 Disjunction              Tloc           0%         N/A       100%        8
 Maxwell's Capacitive Co  Air            0%         ∞         100%        8


Dungeon Overview and Level Annotations

Branches:
Dungeon (4/15)
 Temple: D:4-7

Altars:
Ru

Shops:
D:2 [

Annotations:
D:6 Dowan, Duvessa


Innate Abilities, Weirdness & Mutations

You have a pair of horns on your head.
You reflexively headbutt those who attack you in melee.
Your flesh is cold resistant. (rC+)


Message History

* * * LOW HITPOINT WARNING * * *
Found a rapier.
The hound attacks as you move away! The hound bites you.
* * * LOW HITPOINT WARNING * * *
The hound attacks as you move away! The hound closely misses you.
Found a scale mail.
You closely miss the hound. The hound barely misses you.
The hound bites you but does no damage. The hound attacks as you move away!
The hound bites you but does no damage. x2
It was a potion of mutation.
You feel extremely strange.
You feel weaker.
You feel resistant to cold.
You feel stronger. The hound bites you but does no damage.
You block the hound's attack.
It was a potion of magic.
Magic courses through your body. The hound bites you but does no damage.
The hound completely misses you. The hound barely misses you.
The hound bites you but does no damage.
It was a potion of curing.
You feel better. The hound bites you but does no damage.
The hound stops to sniff the ground.
You block the hound's attack.
The gnoll hits you from afar with a +0 spear.
* * * LOW HITPOINT WARNING * * *
The hound attacks as you move away! The hound barely misses you.
You furiously retaliate!
You headbutt the hound, but do no damage.
Found 14 gold pieces.
Found a stone staircase leading up.
The hound stops to sniff the ground.
The hound barely misses you. The hound bites you.
* * * LOW HITPOINT WARNING * * *
It was a potion of resistance.
You feel protected. The hound bites you but does no damage.
The hound barely misses you. The gnoll hits you but does no damage.
It was a potion of flight.
You feel very buoyant.
You fly up into the air.
The hound bites you.
* * * LOW HITPOINT WARNING * * *
The hound bites you but does no damage. The hound barely misses you.
You block the gnoll's attack. The hound bites you but does no damage.
The hound attacks as you move away! The hound bites you.
You die...

....[ .#.#.....
.....)...
......... #####
....#..####.....$
#....)h.........
#....ggh..#....#
#..o.osh@..)#
#.:.lg######....
#..eg.# < #.....#
. #....g#####.#
#(..Jo.......
#####g.l.....
#..e.o....
#.........


You could see a black bear, a gnoll sergeant, Dowan, a scorpion, an iguana, 2
hounds, 2 gnolls and 2 orcs.

Vanquished Creatures
  Prince Ribbit (D:6)
  An ogre (D:3)
  2 centaurs (D:6)
  An orc priest (D:4)
  Crazy Yiuf (D:6)
  An iguana (D:4)
  2 orc wizards (D:6)
  5 gnolls
  4 adders
  An ufetubus (D:4)
  4 worms
  A dart slug (D:4)
  13 orcs
  4 bats
  9 endoplasms
  7 giant cockroaches
  10 goblins
  3 hobgoblins
  4 quokkas
  9 ball pythons
  2 frilled lizards
  7 kobolds
  6 rats
98 creatures vanquished.

Notes
Turn   | Place    | Note
-------+----------+-------------------------------------------
     0 | D:1      | hawla the Minotaur Fighter began the quest for the Orb.
     0 | D:1      | Reached XP level 1. HP: 19/19 MP: 0/0
    18 | D:1      | Found a faded altar of an unknown god.
   243 | D:1      | Reached XP level 2. HP: 27/27 MP: 1/1
   968 | D:1      | Reached XP level 3. HP: 30/33 MP: 2/2
  1108 | D:1      | Reached skill level 3 in Long Blades
  1767 | D:2      | Reached XP level 4. HP: 38/40 MP: 3/3
  1852 | D:2      | Found Exuarozi's Antique Armour Shoppe.
  2152 | D:3      | Noticed an ogre
  2160 | D:3      | Killed an ogre
  2161 | D:3      | Reached skill level 4 in Long Blades
  2161 | D:3      | Reached skill level 1 in Transmutations
  2161 | D:3      | Reached XP level 5. HP: 19/47 MP: 3/5
  3024 | D:3      | Found a sacrificial altar of Ru.
  3056 | D:3      | Identified the +1 leather armour of Trumpets {rCorr}
  3244 | D:4      | Identified a scroll of acquirement
  3244 | D:4      | Acquired a +5 demon blade of venom
  3263 | D:4      | Reached skill level 1 in Spellcasting
  3528 | D:4      | Reached XP level 6. HP: 53/53 MP: 6/6
  3804 | D:4      | Reached skill level 5 in Long Blades
  4031 | D:4      | You fall into a shaft and drop 2 floors!
  4043 | D:6      | Found a runed translucent door.
  4044 | D:6      | Noticed Crazy Yiuf
  4097 | D:6      | Killed Crazy Yiuf
  4183 | D:6      | Noticed Prince Ribbit
  4191 | D:6      | Noticed Duvessa
  4192 | D:6      | Noticed Dowan
  4196 | D:6      | Reached skill level 5 in Armour
  4196 | D:6      | Reached XP level 7. HP: 45/60 MP: 6/8
  4197 | D:6      | Killed Prince Ribbit
  4198 | D:6      | Reached skill level 5 in Fighting
  4198 | D:6      | Reached skill level 6 in Long Blades
  4206 | D:6      | Reached skill level 5 in Shields
  4219 | D:6      | HP: 3/60 [hound (5)]
  4222 | D:6      | Gained mutation: You are weak. (Str -2) [potion of
                  | mutation]
  4222 | D:6      | Gained mutation: Your flesh is cold resistant. (rC+)
                  | [potion of mutation]
  4222 | D:6      | Lost mutation: You are weak. (Str -2) [potion of mutation]
  4225 | D:6      | HP: 3/60 [hound (5)]
  4228 | D:6      | Slain by a hound

Illustrated notes

Levels and vault maps discovered:
D:1:      ncdulo_halloftheorcs, layout_basic,
          hellmonk_ecumenical_altar_pennies_from_heaven,
          dreamdust_mushroom_princess
D:2:      layout_basic, serial_shops, nicolae_shop_statue_plus
D:3:      layout_basic, hangedman_ru_absence
D:4:      layout_rooms, serial_glass, glass_columns_a, glass_columns_c,
          glass_columns_b, glass_columns_a, glass_columns_b, glass_columns_a,
          glass_columns_b, glass_columns_a, glass_columns_b, glass_columns_c,
          minmay_unequal
D:6:      layout_rooms, grunt_temple_overflow_magic_moments, eino_curves_01,
          uniq_prince_ribbit1, uniq_duvessa, uniq_blork_the_orc,
          uniq_crazy_yiuf_cottage

Skill      XL: |  1  2  3  4  5  6  7 |
---------------+----------------------+-----
Fighting       | 4 5 |  5.1
Shields        | 4 5 |  5.0
Armour         | 4 5 |  5.2
Long Blades    | 3 4 5 6 |  6.4
Transmutations | 1 2 |  2.3
Spellcasting   | 1 |  1.7

Action                   |  1- 3 |  4- 6 |  7- 9 || total
-------------------------+-------+-------+-------++-------
Melee: Long sword        |    86 |    67 |       ||   153
       Headbutt          |    13 |    17 |     1 ||    31
       Demon blade       |       |    56 |     9 ||    65
  Use: Scroll            |     3 |     3 |     2 ||     8
       Potion            |       |       |     7 ||     7
Armor: Scale mail        |    32 |    53 |    32 ||   117
Dodge: Dodged            |    30 |    54 |    28 ||   112
Block: Buckler           |    18 |    44 |    15 ||    77
